| TOP OF THE 1ST |
|
Charlotte Knights batting - Pitching for Chicago Cubs : LHP Mike Hampton
|
|
Pitching: LHP Mike Hampton
|
|
|
Batting: SHB Orlando Merced
|
0-0: Called Strike 0-1: Fly out, F9 (Flyball, 9LSF, EV 88.8 MPH)
|
|
Batting: LHB Jason Giambi
|
0-0: Called Strike 0-1: Ball 1-1: Ball 2-1: Foul Ball, location: 2F 2-2: Ball 3-2: Foul Ball, location: 2F 3-2: Foul Ball, location: 2F 3-2: DOUBLE (Flyball, 78XD, EV 91.3 MPH)
|
|
Batting: RHB Shane Mack
|
0-0: Ball 1-0: Ball 2-0: Foul Ball, location: 2F 2-1: Foul Ball, location: 2F 2-2: Ball 3-2: Fly out, F7 (Flyball, 7S, EV 82.5 MPH)
|
|
Batting: RHB Nomar Garciaparra
|
0-0: Ball 1-0: Ball 2-0: Ball 3-0: Foul Ball, location: 2F 3-1: Called Strike 3-2: Fly out, F9 (Flyball, 89S, EV 88.1 MPH)
|
| Top of the 1st over - 0 runs, 1 hit, 0 errors, 1 left on base; Charlotte 0 - Chicago 0 |
| BOTTOM OF THE 1ST |
|
Chicago Cubs batting - Pitching for Charlotte Knights : RHP Kevin Tapani
|
|
Pitching: RHP Kevin Tapani
|
|
|
Batting: LHB Rich Becker
|
0-0: SINGLE (Line Drive, 34D, EV 95.0 MPH)
|
|
Batting: LHB Luis Gonzalez
|
0-0: Foul Ball, location: 2F 0-1: Ball 1-1: Ball 2-1: Ball 3-1: Base on Balls Rich Becker to second
|
|
Batting: LHB Kent Hrbek
|
0-0: Foul Ball, location: 2F 0-1: Ball 1-1: Fly out, F7 (Flyball, 7S, EV 86.3 MPH)
|
|
Batting: RHB Mike Piazza
|
0-0: Called Strike 0-1: Ball 1-1: Ball 2-1: Grounds into double play, 4-6-3 (Groundball, 4, EV 86.3 MPH)
|
| Bottom of the 1st over - 0 runs, 1 hit, 0 errors, 1 left on base; Charlotte 0 - Chicago 0 |
| TOP OF THE 2ND |
|
Charlotte Knights batting - Pitching for Chicago Cubs : LHP Mike Hampton
|
|
Batting: SHB David Segui
|
0-0: Foul Ball, location: 2F 0-1: Foul Ball, location: 2F 0-2: Ball 1-2: Strikes out swinging
|
|
Batting: SHB Carl Everett
|
0-0: Foul Ball, location: 2F 0-1: Ball 1-1: Ball 2-1: Foul Ball, location: 2F 2-2: Ball 3-2: DOUBLE (Flyball, 8LXD, EV 103.8 MPH)
|
|
Batting: RHB Chuck Knoblauch
|
0-0: Foul Ball, location: 2F 0-1: Ball 1-1: Foul Ball, location: 2F 1-2: Foul Ball, location: 2F 1-2: Strikes out swinging
|
|
Batting: RHB Tony Batista
|
0-0: Ball 1-0: Ball 2-0: Called Strike 2-1: Ball 3-1: Foul Ball, location: 2F 3-2: Base on Balls
|
|
Batting: RHB Todd Zeile
|
0-0: Foul Ball, location: 2F 0-1: Foul Ball, location: 2F 0-2: Foul Ball, location: 2F 0-2: Fly out, F4 (Popup, 34, EV 76.3 MPH)
|
| Top of the 2nd over - 0 runs, 1 hit, 0 errors, 2 left on base; Charlotte 0 - Chicago 0 |
| BOTTOM OF THE 2ND |
|
Chicago Cubs batting - Pitching for Charlotte Knights : RHP Kevin Tapani
|
|
Batting: LHB Trot Nixon
|
0-0: Called Strike 0-1: Ball 1-1: Fly out, F6 (Popup, 6, EV 53.8 MPH)
|
|
Batting: RHB Vinny Castilla
|
0-0: Fly out, F9 (Line Drive, 9, EV 87.5 MPH)
|
|
Batting: RHB Jeff Cirillo
|
0-0: Called Strike 0-1: Ball 1-1: Foul Ball, location: 2F 1-2: Ball 2-2: Ball 3-2: DOUBLE (Line Drive, 9LS, EV 94.4 MPH)
|
|
Batting: RHB Derek Bell
|
0-0: Ball 1-0: Swinging Strike 1-1: Ball 2-1: Foul Ball, location: 2F 2-2: TRIPLE (Flyball, 9D, EV 97.5 MPH) Jeff Cirillo scores
|
|
Batting: LHB Scott Cooper
|
0-0: Called Strike 0-1: Ball 1-1: Ball 2-1: Fly out, F4 (Popup, 23, EV 88.1 MPH)
|
| Bottom of the 2nd over - 1 run, 2 hits, 0 errors, 1 left on base; Charlotte 0 - Chicago 1 |
| TOP OF THE 3RD |
|
Charlotte Knights batting - Pitching for Chicago Cubs : LHP Mike Hampton
|
|
Batting: SHB Orlando Merced
|
0-0: Ball 1-0: Fly out, F5 (Line Drive, 5, EV 73.1 MPH)
|
|
Batting: LHB Jason Giambi
|
0-0: Swinging Strike 0-1: Ball 1-1: Foul Ball, location: 2F 1-2: Strikes out swinging
|
|
Batting: RHB Shane Mack
|
0-0: Ball 1-0: Ball 2-0: Called Strike 2-1: Ball 3-1: Swinging Strike 3-2: Strikes out swinging
|
| Top of the 3rd over - 0 runs, 0 hits, 0 errors, 0 left on base; Charlotte 0 - Chicago 1 |
| BOTTOM OF THE 3RD |
|
Chicago Cubs batting - Pitching for Charlotte Knights : RHP Kevin Tapani
|
|
Batting: LHB Rich Becker
|
0-0: Called Strike 0-1: Foul Ball, location: 2F 0-2: Ball 1-2: Strikes out looking
|
|
Batting: LHB Luis Gonzalez
|
0-0: Ball 1-0: Ball 2-0: Foul Ball, location: 2F 2-1: Foul Ball, location: 2F 2-2: Ball 3-2: Fly out, F2 (Popup, 3SF, EV 81.9 MPH)
|
|
Batting: LHB Kent Hrbek
|
0-0: Foul Ball, location: 2F 0-1: Ball 1-1: Fly out, F8 (Line Drive, 8RM, EV 94.4 MPH)
|
| Bottom of the 3rd over - 0 runs, 0 hits, 0 errors, 0 left on base; Charlotte 0 - Chicago 1 |
| TOP OF THE 4TH |
|
Charlotte Knights batting - Pitching for Chicago Cubs : LHP Mike Hampton
|
|
Batting: RHB Nomar Garciaparra
|
0-0: Ball 1-0: Foul Ball, location: 2F 1-1: Called Strike 1-2: Fly out, F7 (Flyball, 7, EV 81.9 MPH)
|
|
Batting: SHB David Segui
|
0-0: Called Strike 0-1: Ball 1-1: Swinging Strike 1-2: Foul Ball, location: 2F 1-2: Strikes out swinging
|
|
Batting: SHB Carl Everett
|
0-0: Ball 1-0: Foul Ball, location: 2F 1-1: Ball 2-1: Fly out, F5 (Popup, 56S, EV 71.9 MPH)
|
| Top of the 4th over - 0 runs, 0 hits, 0 errors, 0 left on base; Charlotte 0 - Chicago 1 |
| BOTTOM OF THE 4TH |
|
Chicago Cubs batting - Pitching for Charlotte Knights : RHP Kevin Tapani
|
|
Batting: RHB Mike Piazza
|
0-0: Ball 1-0: Ball 2-0: Ball 3-0: Base on Balls
|
|
Batting: LHB Trot Nixon
|
0-0: Called Strike 0-1: Foul Ball, location: 2F 0-2: Ball 1-2: Strikes out swinging
|
|
Batting: RHB Vinny Castilla
|
0-0: Foul Ball, location: 2F 0-1: Ball 1-1: Ball 2-1: Foul Ball, location: 2F 2-2: Strikes out looking
|
|
Batting: RHB Jeff Cirillo
|
0-0: Ball Wild Pitch! Mike Piazza to second 1-0: Ball 2-0: Ground out 6-3 (Groundball, 6D, EV 108.1 MPH)
|
| Bottom of the 4th over - 0 runs, 0 hits, 0 errors, 1 left on base; Charlotte 0 - Chicago 1 |
| TOP OF THE 5TH |
|
Charlotte Knights batting - Pitching for Chicago Cubs : LHP Mike Hampton
|
|
Batting: RHB Chuck Knoblauch
|
0-0: Called Strike 0-1: Ball 1-1: SINGLE (Groundball, 6MD, EV 107.5 MPH)
|
|
Batting: RHB Tony Batista
|
0-0: Ball 1-0: Fly out, F9 (Flyball, 9D, EV 96.3 MPH)
|
|
Batting: RHB Todd Zeile
|
0-0: Ball 1-0: Ball 2-0: Ball 3-0: Swinging Strike 3-1: Base on Balls Chuck Knoblauch to second
|
|
Batting: SHB Orlando Merced
|
0-0: Ball 1-0: Called Strike 1-1: Fly out, F7 (Flyball, 7, EV 90.0 MPH)
|
|
Batting: LHB Jason Giambi
|
0-0: Ground out 4-3 (Groundball, 34, EV 104.4 MPH)
|
| Top of the 5th over - 0 runs, 1 hit, 0 errors, 2 left on base; Charlotte 0 - Chicago 1 |
| BOTTOM OF THE 5TH |
|
Chicago Cubs batting - Pitching for Charlotte Knights : RHP Kevin Tapani
|
|
Batting: RHB Derek Bell
|
0-0: Ball 1-0: Called Strike 1-1: Called Strike 1-2: Strikes out swinging, 2-3 out at first.
|
|
Batting: LHB Scott Cooper
|
0-0: Called Strike 0-1: Ground out 6-3 (Groundball, 6, EV 81.3 MPH)
|
|
Batting: LHB Rich Becker
|
0-0: Ball 1-0: Foul Ball, location: 2F 1-1: Ball 2-1: Foul Ball, location: 2F 2-2: Ball 3-2: Foul Ball, location: 2F 3-2: Strikes out swinging
|
| Bottom of the 5th over - 0 runs, 0 hits, 0 errors, 0 left on base; Charlotte 0 - Chicago 1 |
| TOP OF THE 6TH |
|
Charlotte Knights batting - Pitching for Chicago Cubs : LHP Mike Hampton
|
|
Batting: RHB Shane Mack
|
0-0: Ground out 5-3 (Groundball, 56, EV 84.4 MPH)
|
|
Batting: RHB Nomar Garciaparra
|
0-0: DOUBLE (Line Drive, 7LM, EV 98.1 MPH)
|
|
Batting: SHB David Segui
|
0-0: Ground out 6-3 (Groundball, 6, EV 104.4 MPH)
|
|
Batting: SHB Carl Everett
|
0-0: Called Strike 0-1: Foul Ball, location: 2F 0-2: Ball 1-2: Ball 2-2: Ball 3-2: Base on Balls
|
|
Batting: RHB Chuck Knoblauch
|
0-0: Called Strike 0-1: Ball 1-1: Foul Ball, location: 2F 1-2: Ball 2-2: Fly out, F7 (Line Drive, 7, EV 93.8 MPH)
|
| Top of the 6th over - 0 runs, 1 hit, 0 errors, 2 left on base; Charlotte 0 - Chicago 1 |
| BOTTOM OF THE 6TH |
|
Chicago Cubs batting - Pitching for Charlotte Knights : RHP Kevin Tapani
|
|
Batting: LHB Luis Gonzalez
|
0-0: Called Strike 0-1: Foul Ball, location: 2F 0-2: SINGLE (Groundball, 6MD, EV 96.9 MPH)
|
|
Batting: LHB Kent Hrbek
|
0-0: Foul Ball, location: 2F 0-1: Foul Ball, location: 2F 0-2: Ball 1-2: Ball 2-2: Foul Ball, location: 2F 2-2: Foul Ball, location: 2F 2-2: Grounds into double play, 4-6-3 (Groundball, 4, EV 104.4 MPH)
|
|
Batting: RHB Mike Piazza
|
0-0: Ball 1-0: DOUBLE (Line Drive, 9LS, EV 113.1 MPH)
|
|
Batting: LHB Trot Nixon
|
0-0: Ball 1-0: Ball 2-0: Called Strike 2-1: SINGLE (Groundball, 34D, EV 100.6 MPH) Mike Piazza to third Runner from 3rd tries for Home, SAFE, throw by RF to home
|
|
Batting: RHB Vinny Castilla
|
0-0: Called Strike 0-1: Ball 1-1: Foul Ball, location: 2F 1-2: Foul Ball, location: 2F 1-2: Strikes out swinging
|
| Bottom of the 6th over - 1 run, 3 hits, 0 errors, 1 left on base; Charlotte 0 - Chicago 2 |
| TOP OF THE 7TH |
|
Charlotte Knights batting - Pitching for Chicago Cubs : LHP Mike Hampton
|
|
Batting: RHB Tony Batista
|
0-0: Ball 1-0: Ball 2-0: Called Strike 2-1: Foul Ball, location: 2F 2-2: Fly out, F4 (Popup, 34S, EV 89.4 MPH)
|
|
Pitching: RHP Alberto Reyes
|
|
|
Batting: RHB Todd Zeile
|
0-0: Ball 1-0: Ball 2-0: Called Strike 2-1: Foul Ball, location: 2F 2-2: Ball 3-2: Base on Balls
|
|
Batting: SHB Orlando Merced
|
0-0: Called Strike 0-1: Swinging Strike 0-2: Ball 1-2: Strikes out swinging
|
|
Batting: LHB Jason Giambi
|
0-0: Called Strike 0-1: Called Strike 0-2: Strikes out looking
|
| Top of the 7th over - 0 runs, 0 hits, 0 errors, 1 left on base; Charlotte 0 - Chicago 2 |
| BOTTOM OF THE 7TH |
|
Chicago Cubs batting - Pitching for Charlotte Knights : RHP Kevin Tapani
|
|
Batting: RHB Jeff Cirillo
|
0-0: Called Strike 0-1: Ball 1-1: DOUBLE (Groundball, 5L, EV 100.0 MPH)
|
|
Batting: RHB Derek Bell
|
0-0: Ball 1-0: Swinging Strike 1-1: SINGLE (Groundball, 6MD, EV 103.1 MPH) Jeff Cirillo to third
|
|
Pitching: LHP Eric Hillman
|
|
|
Batting: LHB Scott Cooper
|
0-0: Called Strike 0-1: Ball 1-1: Ball 2-1: Ball 3-1: Grounds into double play, 5-4-3 (Groundball, 56, EV 105.6 MPH) Jeff Cirillo scores
|
|
Batting: LHB Rich Becker
|
0-0: Ball 1-0: Swinging Strike 1-1: Swinging Strike 1-2: Ball 2-2: Strikes out swinging
|
| Bottom of the 7th over - 1 run, 2 hits, 0 errors, 0 left on base; Charlotte 0 - Chicago 3 |
| TOP OF THE 8TH |
|
Charlotte Knights batting - Pitching for Chicago Cubs : RHP Alberto Reyes
|
|
Batting: RHB Shane Mack
|
0-0: Called Strike 0-1: Ball 1-1: Swinging Strike 1-2: Ball 2-2: Ground out 6-3 (Groundball, 6, EV 83.1 MPH)
|
|
Batting: RHB Nomar Garciaparra
|
0-0: Called Strike 0-1: Swinging Strike 0-2: Strikes out looking
|
|
Batting: SHB David Segui
|
0-0: Ball 1-0: Ball 2-0: Ball 3-0: Called Strike 3-1: Base on Balls
|
|
Batting: SHB Carl Everett
|
0-0: Ball 1-0: Called Strike 1-1: Ball 2-1: Foul Ball, location: 2F 2-2: Strikes out looking
|
| Top of the 8th over - 0 runs, 0 hits, 0 errors, 1 left on base; Charlotte 0 - Chicago 3 |
| BOTTOM OF THE 8TH |
|
Chicago Cubs batting - Pitching for Charlotte Knights : LHP Eric Hillman
|
|
Batting: LHB Luis Gonzalez
|
0-0: Foul Ball, location: 2F 0-1: Ground out 4-3 (Groundball, 4, EV 84.4 MPH)
|
|
Batting: LHB Kent Hrbek
|
0-0: Ball 1-0: Ball 2-0: Ball 3-0: Called Strike 3-1: Ground out 4-3 (Groundball, 4, EV 95.6 MPH)
|
|
Pitching: RHP Jeff E. Gray
|
|
|
Batting: RHB Mike Piazza
|
0-0: Ball 1-0: Fly out, F5 (Flyball, 5D, EV 71.3 MPH)
|
| Bottom of the 8th over - 0 runs, 0 hits, 0 errors, 0 left on base; Charlotte 0 - Chicago 3 |
| TOP OF THE 9TH |
|
Charlotte Knights batting - Pitching for Chicago Cubs : RHP Alberto Reyes
|
|
Pitching: LHP Frank DiPino
|
|
|
Batting: RHB Chuck Knoblauch
|
0-0: Ball 1-0: Ball 2-0: Called Strike 2-1: Ball 3-1: Ground out 5-3 (Groundball, 56S, EV 88.1 MPH)
|
|
Batting: RHB Tony Batista
|
0-0: Called Strike 0-1: Swinging Strike 0-2: Strikes out swinging
|
|
Batting: RHB Todd Zeile
|
0-0: Ball 1-0: Ball 2-0: Fly out, F8 (Line Drive, 8RD, EV 85.6 MPH)
|
| Top of the 9th over - 0 runs, 0 hits, 0 errors, 0 left on base; Charlotte 0 - Chicago 3 |
|